 Dungeon Crawl Stone Soup version 0.27-a0-366-g8badd94918 (webtiles) character file.

Game seed: 14894674834206547244

98 dogmilk the Skirmisher (level 4, -1/42 HPs)
             Began as a Minotaur Fighter on Feb 16, 2021.
             Killed from afar by an orc wizard (10 damage)
             ... with a puff of flame
             ... on level 3 of the Dungeon.
             The game lasted 00:08:26 (2033 turns).

dogmilk the Skirmisher (Minotaur Fighter)           Turns: 2033, Time: 00:08:27

Health: -1/42      AC:  7    Str: 21    XL:     4   Next: 44%
Magic:  3/3        EV:  7    Int:  6    God:
Gold:   119        SH:  9    Dex:  9    Spells: 3/3 levels left

rFire    . . .     SeeInvis .   a - +0 long sword
rCold    . . .     Faith    .   c - +0 kite shield
rNeg     . . .     Spirit   .   b - +0 scale mail
rPois    .         Reflect  .   (helmet restricted)
rElec    .         Harm     .   (no cloak)
rCorr    .         Rampage  .   (no gloves)
Will     .....                  (no boots)
Stlth    ..........             (no amulet)
HPRegen  0.14/turn              (no ring)
MPRegen  0.08/turn              (no ring)

@: no status effects
A: retaliatory headbutt, horns 2
a: no special abilities


You were on level 3 of the Dungeon.
You visited 1 branch of the dungeon, and saw 3 of its levels.

You collected 119 gold pieces.

Inventory:

Hand Weapons
 a - a +0 long sword (weapon)
Armour
 b - a +0 scale mail (worn)
 c - a +0 kite shield (worn)
Jewellery
 k - a ring of resist corrosion {unknown}
Wands
 l - a wand of polymorph (9)
Scrolls
 e - a scroll of enchant armour {unknown}
 f - 3 scrolls of teleportation {unknown}
 j - a scroll of fog {unknown}
 m - a scroll of fear {unknown}
 n - a scroll of enchant weapon {unknown}
Potions
 d - 2 potions of might
 g - 2 potions of brilliance {unknown}
 h - a potion of invisibility {unknown}
 i - 2 potions of heal wounds {unknown}


   Skills:
 + Level 5.0 Fighting
 + Level 4.1 Long Blades
 - Level 3.8 Armour
 - Level 3.9 Shields


You had 3 spell levels left.
You didn't know any spells.
Your spell library was empty.

Dungeon Overview and Level Annotations

Branches:
Dungeon (3/15)

Altars:
Xom
Yredelemnul


Innate Abilities, Weirdness & Mutations

You reflexively headbutt those who attack you in melee.
You have a pair of horns on your head.


Message History

The orc wizard flickers and vanishes!
Deactivating autopickup; reactivate with Ctrl-A.
You bump into the rock wall.
The orc hits you with a +0 whip. The orc wizard closely misses you.
The orc hits you but does no damage.
The orc wizard casts a spell at itself.
The orc wizard flickers and vanishes!
You bump into the rock wall.
You feel less confused. The orc barely misses you.
You block something's attack.
You hit something. You headbutt something. You block the orc's attack.
Something hits you but does no damage.
A giant cockroach comes into view.
The orc hits you with a +0 whip.
You hear some strange, mumbled words.
You are confused.
You miss something. The worm bites you but does no damage. Something hits you.
The worm bites you.
You bump into the rock wall.
A rat comes into view.
The orc throws a stone.
The stone hits you but does no damage.
You hear some strange, mumbled words.
A magic dart appears from out of thin air!
The magic dart hits you!
The orc throws a stone.
The stone hits you.
You barely miss the worm. Your headbutt misses the worm.
You feel less confused. Something hits you but does no damage.
The worm bites you!
* * * LOW HITPOINT WARNING * * *
You hit the worm.
The worm is moderately wounded.
Something hits you.
* * * LOW HITPOINT WARNING * * *
Something hits you.
* * * LOW HITPOINT WARNING * * *
You completely miss the worm.
The worm is moderately wounded.
You hear some strange, mumbled words.
A puff of flame appears from out of thin air!
The puff of flame hits you!
You die...

.......#(###..r#
................
.......... ....
.......#.# #..#
.......#.# #..#
.......#<#
#..#######
#..####B!!......
##.###{w#o#....#
#...).@........
#.###+###.....#
#.# .....# #.#
.....# #.# ..###
..# ..# ..# ..


You could see a worm, an orc and a giant cockroach.

Vanquished Creatures
  4 adders (D:2)
  An ooze (D:1)
  3 worms (D:2)
  A dart slug (D:1)
  A leopard gecko (D:1)
  An orc (D:3)
  6 bats
  3 giant cockroaches
  6 goblins
  7 hobgoblins
  A frilled lizard (D:1)
  7 kobolds
  5 rats
  A spectral orc (D:2)
47 creatures vanquished.

Notes
Turn   | Place    | Note
-------+----------+-------------------------------------------
     0 | D:1      | dogmilk the Minotaur Fighter began the quest for the Orb.
     0 | D:1      | Reached XP level 1. HP: 19/19 MP: 0/0
   172 | D:1      | Reached XP level 2. HP: 27/27 MP: 1/1
   212 | D:1      | Reached skill level 4 in Fighting
   439 | D:1      | Reached XP level 3. HP: 29/33 MP: 2/2
   900 | D:2      | Found a basalt altar of Yredelemnul.
  1173 | D:2      | Found a shimmering altar of Xom.
  1348 | D:2      | Reached XP level 4. HP: 41/41 MP: 3/3
  1461 | D:2      | Reached skill level 5 in Fighting
  2033 | D:3      | Killed from afar by an orc wizard

Illustrated notes

Levels and vault maps discovered:
D:1:      dpeg_arrival_subterranean_lakeside_camping, layout_basic,
          minmay_box_of_dots
D:2:      layout_loops_corners, yredelemnul_forgotten_temple_becter,
          minmay_strange_pillars, minmay_misc_feat_alley, lemuel_statue_altar
D:3:      layout_basic, nicolae_dithmenos_shadow_blocks, lemuel_doored_altar,
          lemuel_angel_altar

Skill      XL: |  1  2  3  4 |
---------------+-------------+-----
Fighting       | 4 5 |  5.0
Long Blades    | 3 4 |  4.1
Armour         | |  3.8
Shields        | |  3.9

Action                   |  1- 3 |  4- 6 || total
-------------------------+-------+-------++-------
Melee: Long sword        |    75 |    36 ||   111
       Headbutt          |    14 |     7 ||    21
Armor: Scale mail        |    39 |    15 ||    54
Dodge: Dodged            |    23 |    12 ||    35
Block: Kite shield       |    39 |    16 ||    55
       Rpst.: Long sword |     6 |     5 ||    11

Table legend: (Time is in decaauts)
 A = Elapsed time spent in this place.
 B = Non-inter-level travel time spent in this place.
 C = Inter-level travel time spent in this place.
 D = Time resting spent in this place.
 E = Time spent auto-exploring this place.
 F = Levels seen in this place.
 G = Mean time per level.
                   A        B        C        D        E       F      G
               +--------+--------+--------+--------+--------+-----+--------+
         Total |   2082 |   2055 |     27 |    100 |   1631 |   3 |  694.0 |
       Dungeon |   2082 |   2055 |     27 |    100 |   1631 |   3 |  694.0 |
               +--------+--------+--------+--------+--------+-----+--------+

Top non-repeatable levels by time:
     D:2: 1182 daAuts
     D:1: 861 daAuts
     D:3: 38 daAuts
